 Dungeon Crawl Stone Soup version 0.22-a0-396-g3f858e3 (webtiles) character file.

138 VajrapaniSR the Vandal (level 5, -6/30 HPs)
             Began as an Octopode Hunter on May 3, 2018.
             Was an Initiate of Hepliaklqana.
             Mangled by an ogre
             ... wielding a +0 giant club
              (8 damage)
             ... on level 5 of the Dungeon.
             The game lasted 00:07:47 (979 turns).

VajrapaniSR the Vandal (Octopode Hunter)             Turns: 979, Time: 00:07:47

Health: -6/30      AC:  1    Str: 11    XL:     5   Next: 21%
Magic:  4/5        EV: 11    Int: 14    God:    Hepliaklqana [......]
Gold:   17         SH:  7    Dex: 13    Spells: 4/4 levels left

rFire    . . .     SeeInvis .     - Unarmed
rCold    . . .     Gourm    .   b - +0 shield
rNeg     . . .     Faith    .   (helmet restricted)
rPois    .         Spirit   .   (no amulet)
rElec    .         Reflect  .   g - ring of stealth
rCorr    .         Harm     .   (no ring)
MR       .....                  (no ring)
Stlth    ++++......             (no ring)
HPRegen  0.10/turn              (no ring)
MPRegen  0.09/turn              (no ring)
                                (no ring)
                                (no ring)

@: no status effects
A: almost no armour, stealthy swim, amphibious, 8 rings, constrict 8, reduced
essence, camouflage 1, gelatinous body 1
a: Recall Ancestor, Ancestor Identity, Renounce Religion


You were on level 5 of the Dungeon.
You worshipped Hepliaklqana.
Hepliaklqana was noncommittal.
You were not hungry.

You visited 1 branch of the dungeon, and saw 5 of its levels.

You collected 17 gold pieces.

Inventory:

Hand Weapons
 a - a +1 hunting sling
Missiles
 c - 13 sling bullets
Armour
 b - a +0 shield (worn)
Jewellery
 g - a ring of stealth (left tentacle)
Potions
 f - a potion of curing {unknown}
Comestibles
 d - 2 rations {@w1}
 h - 3 chunks of flesh


   Skills:
 - Level 2.0 Fighting
 - Level 4.0 Slings
 - Level 2.0 Dodging
 + Level 3.7 Stealth
 * Level 1.6 Shields
 * Level 3.4 Unarmed Combat


You had 4 spell levels left.
You didn't know any spells.

Dungeon Overview and Level Annotations

Branches:
Dungeon (5/15)
 Temple: D:4-7

Altars:
Hepliaklqana
Xom
Yredelemnul

Annotations:
D:3 VajrapaniSR's ghost, weakling OpHu
D:5 Borgoz's ghost, novice MiGl


Innate Abilities, Weirdness & Mutations

You cannot wear most types of armour.
You are very stealthy in the water. (Stealth+)
You are amphibious.
You can wear up to eight rings at the same time.
You can use your tentacles to constrict eight enemies at once.
Your skin changes colour to match your surroundings (Stealth+).
Your rubbery body absorbs attacks. (AC +1, EV +1)
Your life essence is reduced to manifest your ancestor. (-10% HP)


Message History

The leopard gecko bites you.
* * * LOW HITPOINT WARNING * * *
Unknown command.
You closely miss the leopard gecko. You grab the leopard gecko.
Your squeeze misses the leopard gecko.
The leopard gecko is heavily wounded.
You constrict the leopard gecko. The leopard gecko closely misses you.
Unknown command.
You release your grip on the leopard gecko.
Your shield prevents you from hitting the leopard gecko.
Your grab misses the leopard gecko.
The leopard gecko is almost dead.
You block the leopard gecko's attack.
Borgoz's ghost wails, "You must not succeed where I failed!"
The leopard gecko bites you.
* * * LOW HITPOINT WARNING * * *
You tentacle-slap the leopard gecko.
You kill the leopard gecko!
The ogre hits you with a giant club!
You die...

##### ### .... ..## #..#
#..## # ##..# #... ..
#.. .>.# ###.###....
....# #.######..........
......#..R.....#.###....
#..÷####..#.(......
.......#÷..##l##@###....
....######†##.##O# ##
... #####....##W# .
#..†.O......#
...((......#..#.#
.##..###......#.# ....
#..####...! ..# ...##
#...$# . .### ##....


You could see an ogre and Borgoz's ghost.

Vanquished Creatures
  2 hounds (D:5)
  A hound skeleton (D:4)
  3 adders
  An ooze (D:1)
  3 leopard geckos
  A giant cockroach (D:4)
  6 goblins
  3 jackals
  A quokka (D:2)
  3 frilled lizards
  A kobold (D:1)
  2 rats
27 creatures vanquished.

Vanquished Creatures (collateral kills)
  A jackal (D:5)
  2 quokkas
  A ball python (D:2)
4 creatures vanquished.

Vanquished Creatures (others)
  2 ancestors
2 creatures vanquished.

Grand Total: 33 creatures vanquished

Notes
Turn   | Place    | Note
-------+----------+-------------------------------------------
     0 | D:1      | VajrapaniSR the Octopode Hunter began the quest for the Orb.
     0 | D:1      | Reached XP level 1. HP: 14/14 MP: 1/1
   213 | D:1      | Reached skill level 1 in Unarmed Combat
   217 | D:1      | Reached XP level 2. HP: 6/19 MP: 2/2
   330 | D:3      | Noticed VajrapaniSR's ghost (weakling OpHu)
   372 | D:2      | Found a basalt altar of Yredelemnul.
   457 | D:2      | Found a shimmering altar of Xom.
   458 | D:2      | Found a hazy altar of Hepliaklqana.
   458 | D:2      | Noticed a tentacled monstrosity
   459 | D:2      | Noticed a tentacled monstrosity
   459 | D:2      | Noticed a spectral ugly thing
   471 | D:2      | Became a worshipper of Hepliaklqana the Forgotten
   495 | D:2      | Reached XP level 3. HP: 14/21 MP: 3/3
   707 | D:4      | Reached XP level 4. HP: 4/26 MP: 4/4
   724 | D:5      | Entered Level 5 of the Dungeon
   863 | D:5      | Reached skill level 1 in Shields
   871 | D:5      | Reached XP level 5. HP: 14/30 MP: 2/5
   903 | D:5      | Noticed Borgoz's ghost (novice MiGl)
   917 | D:5      | Noticed an ogre
   979 | D:5      | Mangled by an ogre

Vault maps used:
D:1:      nagdon_arrival_double_spiral
D:2:      regret_index_temple_of_mockery, lemuel_coloured_pillars_altar,
          first_ration
D:3:      uniq_natasha, uniq_terence
D:5:      serial_shops, nicolae_shop_statue_plus

Skill      XL: |  1  2  3  4 |
---------------+-------------+-----
Unarmed Combat | 1 2 3 |  3.4
Stealth        | 2 3 |  3.7
Shields        | 1 |  1.6
Fighting       | |  2.0
Slings         | |  4.0
Dodging        | |  2.0

Action                   |  1- 3 |  4- 6 || total
-------------------------+-------+-------++-------
Melee: Unarmed           |    45 |    21 ||    66
       Tentacles         |    11 |     4 ||    15
       Constrict         |    11 |     8 ||    19
 Fire: Hunting sling     |     4 |     3 ||     7
Invok: Ancestor Identity |     1 |       ||     1
       Recall Ancestor   |     1 |     2 ||     3
  Use: Scroll            |     3 |       ||     3
       Potion            |       |     1 ||     1
 Stab: Sleeping          |     5 |       ||     5
  Eat: Chunk             |       |     1 ||     1
Armor: Skin              |     3 |     1 ||     4
Dodge: Dodged            |    23 |    12 ||    35
Block: Shield            |       |     8 ||     8

Table legend:
 A = Spawn XP
 B = Non-spawn XP
 C = Spawn XP percentage of total XP
 D = Spawn monster count
 E = Non-spawn monster count
 F = Spawn count percentage of total count
 G = Total turns spent on level
                    A         B        C        D         E        F      G
               +---------+---------+-------+---------+---------+-------+---------
         Total |       0 |     198 |   0.0 |       0 |      31 |   0.0 |   979
               +---------+---------+-------+---------+---------+-------+---------
           D:1 |       0 |      15 |   0.0 |       0 |       6 |   0.0 |   274
           D:2 |       0 |      29 |   0.0 |       0 |      10 |   0.0 |   336
           D:3 |       0 |       1 |   0.0 |       0 |       1 |   0.0 |    37
           D:4 |       0 |      39 |   0.0 |       0 |       5 |   0.0 |    77
           D:5 |       0 |     114 |   0.0 |       0 |       9 |   0.0 |   255
               +---------+---------+-------+---------+---------+-------+---------
